 Dungeon Crawl Stone Soup version 0.19-a0-805-g0a78ef0 (webtiles) character file.

4580 AlphabetPasta the Ruffian (level 10, -2/94 HPs)
             Began as a Troll Transmuter on June 27, 2016.
             Was a Follower of Uskayaw.
             Slain by Erica
             ... wielding a +3 scimitar of flaming
              (3 damage)
             ... on level 8 of the Dungeon.
             The game lasted 00:36:10 (6312 turns).

AlphabetPasta the Ruffian (Troll Transmuter)        Turns: 6312, Time: 00:36:11

Health: -2/94      AC:  9    Str: 20    XL:     10   Next: 18%
Magic:  9/12       EV: 11    Int: 14    God:    Uskayaw [*.....]
Gold:   340        SH:  0    Dex: 11    Spells: 2 memorised, 6 levels left

rFire  . . .     SeeInvis .       - Unarmed
rCold  . . .     Gourm    +     v - +1 robe {MR+}
rNeg   . . .     Faith    .     (no shield)
rPois  .         Spirit   .     B - +2 hat
rElec  .         Dismiss  .     z - +0 cloak
rCorr  .         Reflect  .     (gloves unavailable)
SustAt .         Harm     .     (boots unavailable)
MR     +....                    q - amulet of regeneration
Stlth  +.........               (no ring)
                                y - +3 ring of intelligence

@: drained, somewhat resistant to hostile enchantments, very unstealthy
A: unfitting armour, claws 3, fast metabolism 3, gourmand, regeneration 2,
shaggy fur 1, tough skin 2
a: Stomp, Renounce Religion


You were on level 8 of the Dungeon.
You worshipped Uskayaw.
Uskayaw was aware of your devotion.
You were not hungry.

You visited 1 branch of the dungeon, and saw 8 of its levels.
You also visited: Ossuary.

You collected 340 gold pieces.

Inventory:

Hand Weapons
 j - a +0 giant spiked club
 E - a +0 dire flail
Missiles
 a - 160 arrows
Armour
 b - a +0 robe
 v - a +1 robe of magic resistance (worn)
 z - a +0 cloak (worn)
 A - a +1 hat
 B - a +2 hat (worn)
Jewellery
 q - an amulet of regeneration (around neck)
 y - a +3 ring of intelligence (left claw)
Wands
 o - a wand of polymorph (0/24)
 w - a wand of random effects (13/48)
 C - a wand of lightning (14/15)
 F - a wand of random effects (13/48)
Scrolls
 g - 2 scrolls of teleportation
 h - 4 scrolls of remove curse
 r - a scroll of enchant weapon
 u - a scroll of enchant armour
Potions
 e - 4 potions of flight
 f - a potion of magic {unknown}
 i - 2 potions of brilliance {unknown}
 k - a potion of ambrosia {unknown}
 l - a potion of cure mutation {unknown}
 s - 3 potions of lignification
 D - a potion of invisibility
Books
 c - a book of Changes

   Spells                             Type                      Level
   a - Beastly Appendage              Transmutation                1
   b - Sticks to Snakes               Transmutation                2
   c - Spider Form                    Transmutation/Poison         3
   d - Ice Form                       Ice/Transmutation            4
   e - Blade Hands                    Transmutation                5
Comestibles
 d - 11 bread rations
 m - 3 meat rations
 p - 5 fruits
 t - 3 slices of pizza
 x - a beef jerky


   Skills:
 + Level 4.5(4.1) Fighting
 + Level 3.5(3.2) Maces & Flails
 + Level 4.7(4.3) Dodging
 * Level 7.6(7.3) Unarmed Combat
 - Level 1.9(1.6) Spellcasting
 * Level 5.1(4.8) Transmutations
 + Level 4.0(3.7) Invocations
 + Level 3.6(3.3) Evocations


You had 6 spell levels left.
You knew the following spells:

 Your Spells              Type           Power        Failure   Level  Hunger
a - Beastly Appendage     Tmut           ##....       3%          1    ##.....
b - Blade Hands           Tmut           ##........   89%         5    ######.


Dungeon Overview and Level Annotations

Branches:
Dungeon (8/15)             Temple (0/1) D:5
   Lair: D:8-11

Altars:
Dithmenos
Gozag
Makhleb
Nemelex Xobeh
Qazlal
Uskayaw
Zin
The Shining One

Shops:
D:5 [   D:7 ([}*   D:8 (

Annotations:
D:2 Ijyb
D:8 Erica


Innate Abilities, Weirdness & Mutations

You are too large for most types of armour.
You have claws for hands.
Your metabolism is lightning-fast.
You like to eat raw meat.
You heal very quickly.
You are covered in fur. (AC +1)
You have very tough skin. (AC +2)


Message History

* * * LOW HITPOINT WARNING * * *
The crimson imp barely misses you.
You miss something.
You feel sick. Something hits you.
* * * LOW HITPOINT WARNING * * *
Something burns you.
* * * LOW HITPOINT WARNING * * *
You closely miss something.
You feel sick. The crimson imp hits you.
* * * LOW HITPOINT WARNING * * *
Something hits you but does no damage.
You feel better.
The crimson imp hits you but does no damage.
You claw something!
You hear some strange, mumbled words.
A bolt of poison appears from out of thin air!
The bolt of poison misses you. The crimson imp barely misses you.
You can now stomp with the beat.
You barely miss something. Something hits you!
* * * LOW HITPOINT WARNING * * *
Something burns you.
You die...

##..#.....##
##..####.#
#...#
##..#####
....# ##..##
....# ##..##
....#
##..###
....##
##...##
.....#
##...##....#
##...@{...#
##..5....#
##.......#
##...../#
##....##
#...# ...#
..##


You could see a crimson imp.

Vanquished Creatures
  Pikel (D:7)
  A spriggan (D:7)
  A wraith (Ossuary)
  A wyvern (D:8)
  A hungry ghost (D:8)
  A water moccasin (D:5)
  Duvessa (D:7)
  An orc warrior (D:6)
  6 necrophages (D:8)
  A phantom (D:8)
  3 ogres
  3 ice beasts (D:6)
  The ghost of lunatic the Sneak, an amateur DsAs (D:3)
  A centaur (D:8)
  3 elf zombies (D:5)
  A big kobold (D:7)
  Blork the orc (D:4)
  2 giant frogs
  A wyvern zombie (D:7)
  An elf skeleton (D:5)
  Dowan (D:7)
  3 wights (D:8)
  A howler monkey (D:5)
  2 crimson imps
  A jelly (D:5)
  A gnoll shaman (D:5)
  3 hounds
  An orc wizard (D:6)
  Crazy Yiuf (D:3)
  A human zombie (D:5)
  2 giant frog skeletons
  Jessica (D:3)
  3 human skeletons (D:5)
  3 iguanas (D:8)
  Natasha (thrice) (D:3)
  8 worker ants
  A killer bee zombie (D:8)
  5 mummies
  A worker ant zombie (D:5)
  7 adders
  9 gnolls (D:5)
  2 shadow imps
  A white imp (D:3)
  An adder skeleton (D:4)
  2 worms
  A dart slug (D:1)
  4 giant geckos
  7 orcs
  11 bats
  8 giant cockroaches
  7 goblins
  6 hobgoblins
  7 jackals
  5 giant newts
  5 gnoll skeletons (Ossuary)
  10 kobolds
  8 kobold skeletons (Ossuary)
  15 orc skeletons
  3 rats
  A bush (D:3)
194 creatures vanquished.

Notes
Turn   | Place    | Note
--------------------------------------------------------------
     0 | D:1      | AlphabetPasta the Troll Transmuter began the quest for the Orb.
     0 | D:1      | Reached XP level 1. HP: 18/18 MP: 1/1
    54 | D:1      | Reached skill level 1 in Fighting
   231 | D:1      | Reached XP level 2. HP: 25/27 MP: 2/2
   235 | D:1      | Learned a level 2 spell: Sticks to Snakes
   907 | D:2      | Reached XP level 3. HP: 33/33 MP: 4/4
  1303 | D:3      | Reached XP level 4. HP: 41/41 MP: 5/5
  1307 | D:3      | Noticed Ijyb
  1307 | D:3      | Noticed Grinder
  1308 | D:3      | Paralysed by Grinder for 5 turns
  1318 | D:3      | Paralysed by Grinder for 7 turns
  1346 | D:2      | Noticed Ijyb
  1346 | D:2      | Ijyb changed into Ijyb the jelly
  1496 | D:3      | Noticed Grinder
  1496 | D:3      | Grinder changed into Grinder the white imp
  1504 | D:3      | Killed Grinder the white imp
  1573 | D:3      | Noticed Jessica
  1576 | D:3      | Found a faded altar of an unknown god.
  1578 | D:3      | Killed Jessica
  1599 | D:3      | Became a worshipper of Uskayaw the Reveler
  1599 | D:3      | Reached * piety under Uskayaw
  1630 | D:3      | Noticed lunatic's ghost (amateur DsAs)
  1637 | D:3      | Reached ** piety under Uskayaw
  1644 | D:3      | Killed lunatic's ghost
  1644 | D:3      | Reached skill level 4 in Unarmed Combat
  1644 | D:3      | Reached XP level 5. HP: 47/49 MP: 6/6
  1866 | D:3      | Found a glowing silver altar of Zin.
  1866 | D:3      | Found an opulent altar of Gozag.
  2005 | D:3      | Found a burning altar of Makhleb.
  2008 | D:3      | Found a stormy altar of Qazlal.
  2177 | D:3      | Noticed Natasha
  2186 | D:3      | Killed Natasha
  2285 | D:3      | Found a runed door.
  2290 | D:3      | Noticed Crazy Yiuf
  2295 | D:3      | Killed Crazy Yiuf
  2295 | D:3      | Reached skill level 1 in Evocations
  2295 | D:3      | Reached XP level 6. HP: 49/57 MP: 7/7
  2340 | D:3      | Noticed Natasha
  2353 | D:3      | Killed Natasha
  2486 | D:3      | Noticed Natasha
  2491 | D:3      | Killed Natasha
  2578 | D:4      | Reached skill level 1 in Invocations
  2585 | D:4      | Learned a level 5 spell: Blade Hands
  2794 | D:4      | Noticed Blork the orc
  2802 | D:4      | Killed Blork the orc
  2802 | D:4      | Reached XP level 7. HP: 63/66 MP: 6/8
  2804 | D:4      | Reached *** piety under Uskayaw
  3272 | D:5      | Entered Level 5 of the Dungeon
  3272 | D:5      | Found Commyor's Armour Shoppe.
  3321 | D:5      | Found a sand-covered staircase.
  3330 | Ossuary  | Entered an ossuary
  3330 | Ossuary  | Noticed a wraith
  3330 | Ossuary  | Noticed a wraith
  3330 | Ossuary  | Noticed a wraith
  3490 | Ossuary  | Noticed a wraith
  3499 | Ossuary  | Killed a wraith
  3499 | Ossuary  | Reached skill level 5 in Unarmed Combat
  3559 | D:5      | Reached skill level 1 in Maces & Flails
  3590 | D:5      | Reached XP level 8. HP: 66/74 MP: 9/9
  3614 | D:5      | Reached **** piety under Uskayaw
  3627 | D:5      | Reached ***** piety under Uskayaw
  3758 | D:5      | Found a staircase to the Ecumenical Temple.
  3926 | D:5      | Found a hide-covered altar of Uskayaw.
  3930 | D:5      | Found a shadowy altar of Dithmenos.
  3936 | D:5      | Found a glowing golden altar of the Shining One.
  4410 | D:6      | Reached skill level 6 in Unarmed Combat
  4538 | D:6      | Reached XP level 9. HP: 56/83 MP: 2/10
  4995 | D:7      | Noticed Dowan
  4996 | D:7      | Found Xueckut's Armour Emporium.
  4997 | D:7      | Noticed Duvessa
  5010 | D:7      | Killed Duvessa
  5018 | D:7      | Killed Dowan
  5141 | D:7      | Found Saocs's Gadget Shoppe.
  5151 | D:7      | Noticed Pikel
  5183 | D:7      | Killed Pikel
  5186 | D:7      | Found Vanaag's Assorted Antiques.
  5311 | D:7      | Found Vuelucs's Weapon Shop.
  5503 | D:7      | Reached skill level 7 in Unarmed Combat
  5728 | D:8      | Reached skill level 5 in Transmutations
  5913 | D:8      | Reached XP level 10. HP: 91/91 MP: 7/11
  6018 | D:8      | Found a sparkling altar of Nemelex Xobeh.
  6264 | D:8      | Found Ticusul's Weapon Emporium.
  6291 | D:8      | Noticed Erica
  6312 | D:8      | HP: 1/94 [something (9)]
  6312 | D:8      | Slain by Erica

Vault maps used:
D:1:      dpeg_arrival_radiant, minmay_liquid_box, minmay_misc_feat_tiny
D:3:      grunt_temple_overflow_gold_and_silver, nicolae_overflow_hidden_temple,
          ecumenical_altar_2, uniq_natasha, uniq_iyjb, uniq_grinder,
          uniq_crazy_yiuf_cottage, uniq_jessica
D:4:      first_bread, uniq_blork_the_orc
D:5:      minitemple, serial_shops, shop, nicolae_ossuary_entry_catacombs
D:7:      serial_shops, nicolae_shop_temple_entry_statues_fountains, shop,
          nicolae_shop_waterfront, shop, the_bakery, grunt_ministairs_10,
          uniq_duvessa, uniq_pikel
D:8:      serial_undead, serial_undead_b, serial_undead_c, serial_undead_b,
          serial_undead_a, serial_undead_d, serial_undead_c, serial_undead_c,
          serial_shops, shop, basic_altar, uniq_erica
Ossuary:  ossuary_due_mausoleum

Skill      XL: |  1  2  3  4  5  6  7  8  9 10 |
---------------+-------------------------------+-----
Fighting       | 1 2 3 4 |  4.5
Dodging        | 2 3 4 |  4.7
Transmutations | 2 3 4 5 |  5.1
Unarmed Combat | 4 5 6 7 |  7.6
Evocations     | 1 2 3 |  3.6
Invocations    | 1 2 3 4 |  4.0
Maces & Flails | 1 2 3 |  3.5
Spellcasting   | |  1.9

Action                   |  1- 3 |  4- 6 |  7- 9 | 10-12 || total
-------------------------+-------+-------+-------+-------++-------
Melee: Unarmed           |    99 |   156 |   447 |    63 ||   765
       Punch             |     4 |       |     9 |     3 ||    16
       Kick              |       |     3 |     1 |     1 ||     5
       Headbutt          |       |     3 |     4 |       ||     7
 Cast: Beastly Appendage |       |     4 |     3 |     3 ||    10
Invok: Stomp             |       |       |    12 |     1 ||    13
Evoke: Wand              |       |     3 |     2 |       ||     5
  Use: Potion            |       |     5 |     5 |     1 ||    11
       Scroll            |       |     9 |    11 |       ||    20
 Stab: Sleeping          |     2 |     1 |       |       ||     3
       Paralysed         |       |       |    10 |     6 ||    16
  Eat: Chunk             |    17 |    15 |    26 |     5 ||    63
Armor: Robe              |    45 |    41 |   128 |    23 ||   237
Dodge: Dodged            |    57 |    48 |   194 |    23 ||   322
